[Event "55th Biel Festival ATO 2022"]
[Site "Biel"]
[Date "2022.07.21"]
[Round "8.5"]
[White "Arndt Uwe"]
[Black "Kaser, Nicolas"]
[Result "1-0"]
[ECO "D85"]
[WhiteElo "1964"]
[BlackElo "1866"]
[Annotator "TA"]
[PlyCount "83"]
[EventDate "2022.07.13"]
[EventType "swiss"]
[EventCountry "SUI"]
[SourceTitle "playchess.com"]
[Source "ChessBase"]
[SourceQuality "1"]
[TimeControl "40/5400+30:1800+30"]

1. d4 Nf6 2. c4 g6 3. Nc3 d5 4. cxd5 Nxd5 5. e4 Nxc3 6. bxc3 Bg7 7. Nf3 c5 8. h3 O-O 9. Be2 Nc6 10. Be3 cxd4 {[%emt 0:07:12] D85: Exchange Grünfeld: Unusual White 7th moves and lines with 7 Nf3.} 11. cxd4 b6 (11... f5 $11) 12. Rc1 $14 {[%emt 0:03:47] [#]} Bd7 $146 {[%emt 0:07:53] White is slightly better.} ({Predecessor:} 12... Bb7 13. d5 Ne5 14. Nd4 e6 15. dxe6 Bxe4 16. O-O Qd6 17. f3 Bb7 18. f4 Qd5 {1-0 (112) Parligras,M (2616)-Puranik,A (2495) Abu Dhabi 2017}) 13. d5 Na5 14. O-O Qb8 15. Qd2 Rc8 {[%emt 0:14:26] [#]} (15... Qd6 $16) 16. Ba6 $1 $18 Rxc1 17. Rxc1 ({Don't play} 17. Qxc1 $6 Qd6 $14) 17... Qd8 18. Bf4 Bc8 19. Be2 (19. Bb5 $18 {is more deadly.}) 19... Nb7 (19... Bb7 $142) 20. Nd4 (20. Bb5 $16) 20... Bd7 ({Black should try} 20... Nc5 $14) 21. Bc7 {[%emt 0:08:24] 0x0.0002d92cfccadp-1022s more active pieces.} (21. e5 $16) 21... Qe8 $14 22. Nb3 Nd6 23. Qf4 Nb5 (23... Qf8 $11 {remains equal.} 24. Rc2 Rc8) 24. e5 ({White should play} 24. Bxb5 $16 Bxb5 25. Be5) 24... Rc8 25. Bxb5 Bxb5 26. Nd4 Bd7 (26... Ba6 $1 $11) 27. Qe3 Qf8 28. f4 f5 $2 (28... Ba4 $14) 29. Qa3 Qf7 (29... e6 $16 {is a better defense.} 30. Bd6 (30. Qxa7 Qb4 $16) 30... Rxc1+ 31. Qxc1 Qe8) 30. Qb3 $18 Qe8 31. Kh2 Ba4 32. Qc4 {[%emt 0:04:29] Threatens to win with d6+.} b5 (32... h5 {might work better.} 33. Qa6 Bh6) 33. Qc5 a5 34. Ne6 {[%emt 0:01:04][%cal Bd4e6,Be6g5,Bg5e6][%mdl 32] Hoping for d6.} Bh8 $2 (34... Bh6 35. g3 b4) 35. g4 (35. Qe3 $142) 35... fxg4 {[%emt 0:00:37] [#]} 36. hxg4 (36. d6 $1 $18) 36... g5 $2 {[%emt 0:01:17][%mdl 8192] Loses the game.} (36... b4 $16 {is tougher.}) 37. Nxg5 {[%emt 0:00:33] aiming for d6.} h5 $2 (37... h6) 38. Qg1 h4 39. Qe3 {[%emt 0:03:38] White threatens Qe4 and mate.} Qd7 {[%emt 0:00:23] [#]} 40. Qe4 $1 {[%emt 0:01:22] White mates.} Bg7 (40... Bc2 41. Rxc2) 41. Qh7+ Kf8 42. Ne6+ {[%emt 0:00:10] Weighted Error Value: White=0.45/Black=0.76} 1-0

[Event "55th Biel Festival ATO 2022"]
[Site "Biel"]
[Date "2022.07.21"]
[Round "8.6"]
[White "Smeets Kobe"]
[Black "Altok, Mesut"]
[Result "1-0"]
[ECO "C41"]
[WhiteElo "1963"]
[BlackElo "1890"]
[Annotator "TA"]
[PlyCount "53"]
[EventDate "2022.07.13"]
[EventType "swiss"]
[EventCountry "SUI"]
[SourceTitle "playchess.com"]
[Source "ChessBase"]
[SourceQuality "1"]
[TimeControl "40/5400+30:1800+30"]

1. e4 d6 2. d4 Nd7 3. Nc3 e5 4. Nf3 Ngf6 5. Be2 Be7 6. O-O c6 7. a4 O-O 8. h3 Qa5 {[%emt 0:03:36] C41: Philidor Defence.} 9. Bd2 Qc7 10. a5 Re8 {[%emt 0:00:22] The position is equal.} 11. Be3 Nf8 12. Qd2 Ng6 {[%emt 0:00:22] [#]} 13. Rfb1 $146 ({Predecessor:} 13. d5 Bd7 14. Bd3 Nh5 15. a6 b6 16. dxc6 Bxc6 17. Nd5 Bxd5 18. exd5 Ngf4 19. Bb5 Rf8 20. Ra4 {1-0 (38) Pereira,A (1081)-Ausan,L (1059) LSS email 2012}) 13... Bd7 14. b4 Qc8 15. Kh2 (15. b5 $14) 15... Qc7 (15... exd4 $11 16. Qxd4 c5 17. bxc5 dxc5) 16. Kg1 $14 Qc8 17. Bf1 Nh5 (17... exd4 $14 18. Nxd4 (18. Qxd4 Be6 $11) 18... Bf8) 18. Ne2 {[%emt 0:00:11] White is more active.} (18. b5 $16) 18... f5 ({Better is} 18... exd4 $14 19. Nfxd4 Nf6) 19. exf5 $16 Bxf5 20. g4 exd4 21. Nexd4 (21. gxh5 dxe3 22. fxe3 Ne5 23. Nxe5 dxe5 $17) 21... Bxg4 22. hxg4 Qxg4+ 23. Kh1 Rf8 (23... Kh8 $16 24. Nh2 (24. a6 b6 $18) 24... Qc8) 24. Nh2 $18 Qh4 25. Bd3 $2 (25. a6 $1 $18 {[%cal Ra6b7] is the precise move to win.} b6 26. Nxc6) 25... Ne5 {[%emt 0:03:04] [#]} ({Black should try} 25... d5) 26. Rg1 $1 $16 ({Not} 26. Nf5 $2 {[#]} Rxf5 $1 27. Qc3 (27. Bxf5 $2 {too greedy.} Nf3 $19) 27... Rf7 $19) 26... c5 $2 (26... Kh8 $16 {is more resistant.}) 27. Nf5 {[%emt 0:01:16] Weighted Error Value: White=0.25 (precise) /Black=0.46} 1-0

[Event "55th Biel Festival ATO 2022"]
[Site "Biel"]
[Date "2022.07.21"]
[Round "8.7"]
[White "Marcos Herrero, Francisco"]
[Black "Klein Ethan"]
[Result "0-1"]
[ECO "A36"]
[WhiteElo "1877"]
[BlackElo "1952"]
[Annotator "TA"]
[PlyCount "58"]
[EventDate "2022.07.13"]
[EventType "swiss"]
[EventCountry "SUI"]
[SourceTitle "playchess.com"]
[Source "ChessBase"]
[SourceQuality "1"]
[TimeControl "40/5400+30:1800+30"]

1. c4 g6 2. g3 Bg7 3. Bg2 e6 4. Nc3 Ne7 5. e4 c5 6. Nge2 Nbc6 7. d3 O-O 8. Be3 Nd4 {[%emt 0:01:51] A36: Symmetrical English vs ...g6: 4 Bg2 Bg7.} 9. Qd2 d6 10. Rc1 {[%emt 0:13:04] [#]} Re8 $146 {[%emt 0:03:29] The position is equal.} ({Predecessor:} 10... Rb8 11. Bh6 a6 12. h4 f6 13. Bxg7 Kxg7 14. h5 g5 15. f4 h6 16. Nxd4 cxd4 {0-1 (32) Ozates,T (2217)-Titichoca Daza,D (2050) Chess.com INT 2021}) 11. Bg5 a6 12. b3 Rb8 13. Bh6 Bh8 14. h4 b5 15. Nxd4 (15. h5 {feels hotter.} Nec6 16. Nxd4 Nxd4 17. Ne2) 15... cxd4 16. Ne2 Bb7 17. h5 bxc4 18. dxc4 d5 (18... e5 $11 {remains equal.}) 19. hxg6 $16 (19. Nxd4 $6 dxe4 20. Be3 Nf5 21. Nxf5 (21. hxg6 Bxd4 22. Bxd4 Qxd4 $15) 21... exf5 $11) (19. exd5 {is more complex.} exd5 20. c5 Bc6 21. hxg6 fxg6 22. Bf4) 19... hxg6 20. exd5 ({But not} 20. Nxd4 $6 dxe4 21. Be3 Qc7 $11) 20... exd5 {[%emt 0:00:39] [#]} 21. O-O $2 (21. c5 $1 $16) 21... dxc4 $17 22. Rxc4 Bxg2 23. Kxg2 Qd5+ 24. Kg1 Nf5 25. Rfc1 $2 {[%emt 0:02:42][%mdl 8192] [#] Now White is beyond hope.} (25. Bf4 $17 {is a better chance.} Rb7 26. Qd3) 25... Qf3 (25... Nxh6 $142 26. Rc5 Qe4) 26. Bf4 $2 (26. Nxd4 Bxd4 27. Rxd4 Nxg3 28. fxg3) 26... Rxe2 $19 27. Qxe2 Qxe2 28. Bxb8 d3 29. Kg2 Ne3+ {[%emt 0:00:28] Weighted Error Value: White=1.18/Black=0.29 (precise)} 0-1

[Event "55th Biel Festival ATO 2022"]
[Site "Biel"]
[Date "2022.07.21"]
[Round "8.9"]
[White "Stalhandske, Julien"]
[Black "Wiesmann, Dominique"]
[Result "0-1"]
[ECO "E00"]
[WhiteElo "1644"]
[BlackElo "1914"]
[Annotator "TA"]
[PlyCount "98"]
[EventDate "2022.07.13"]
[EventType "swiss"]
[EventCountry "SUI"]
[SourceTitle "playchess.com"]
[Source "ChessBase"]
[SourceQuality "1"]
[TimeControl "40/5400+30:1800+30"]

1. d4 Nf6 2. c4 e6 3. g3 Bb4+ 4. Bd2 Qe7 5. Bg2 Bxd2+ 6. Nxd2 {[%emt 0:01:50] E00: Catalan Bogo-Indian (3 g3 Bb4+).} d6 7. Ngf3 O-O 8. Qc2 {[%emt 0:01:32] The position is equal.} e5 9. O-O Nc6 10. dxe5 dxe5 11. Rfd1 (11. Ne4 $11) 11... h6 {[%emt 0:07:48] [#]} (11... e4 $1 $17 12. Ng5 Nd4) 12. Ne4 $146 ({Predecessor:} 12. Nf1 Be6 13. Ne3 Qc5 14. Qc3 Rad8 15. a3 a5 16. Rab1 Nd4 17. Kf1 Ne4 18. Qc1 {0-1 (27) De Oliveira,A (1797)-Duarte,R (2133) Belo Horizonte 2013}) 12... Nxe4 13. Qxe4 f5 14. Qc2 Qf6 15. Qc3 Be6 16. Rd2 {[%emt 0:14:35] [#]} (16. e3 $11) 16... g5 (16... e4 $1 $17 {Threatens to win with ...Qxc3.} 17. Nd4 Nxd4 18. Qxd4 Qxd4 19. Rxd4 Rad8 20. Rxd8 Rxd8) 17. b4 g4 (17... e4 $5 18. Nd4 Rad8 $15) 18. Nh4 Rae8 (18... e4 $11 19. Qxf6 Rxf6) 19. Rad1 (19. b5 $14 Nd8 20. Rad1) 19... Bc8 (19... e4 $1 $11 {keeps the balance.} 20. Qxf6 Rxf6) 20. Bd5+ Kh7 21. c5 Nd4 22. e3 Ne6 23. f4 {[%emt 0:02:09] Prevents Ng5.} ({White should try} 23. c6 $16 b6 24. Bb3) 23... Ng7 (23... gxf3 $1 $11 24. Nxf3 Ng5) 24. Bb3 $16 Qe7 {[%emt 0:07:01] [#]} (24... exf4 $16 25. Qxf6 Rxf6) 25. Bc2 (25. Ba4 $1 $18 {[%cal Ra4e8] and the rest is easy.}) 25... exf4 26. exf4 Rd8 27. Rxd8 Rxd8 28. Rxd8 (28. Re1 $16 Qf7 29. Bb3) 28... Qxd8 $14 29. Qd3 Qf6 30. Kf2 Qb2 31. a3 Be6 32. Ng2 Bd5 {[%emt 0:00:58] Strongly threatening ...Be4.} 33. Ne3 Be4 34. Qb3 Qd4 35. a4 (35. Bxe4 $11 {remains equal.} Qxe4 36. Qd5) 35... Qd2+ $17 36. Kg1 $2 (36. Kf1 $17 Bxc2 37. Nxc2) 36... Qe1+ $2 (36... Bf3 $19 {has better winning chances.} 37. a5 c6) 37. Nf1 Bxc2 {[%emt 0:00:26] Black is more active.} 38. Qxc2 Qxb4 {[%emt 0:00:06][%mdl 4096] Endgame KQN-KQN} 39. Ne3 (39. Kf2 $17 {was worth a try.}) 39... Qe1+ $19 40. Nf1 Kg6 41. Qb3 Qe4 42. Ne3 Ne6 43. Kf2 h5 (43... Nxc5 $2 44. Qg8+ Kf6 45. Nd5+ Qxd5 46. Qxd5 $18) 44. Nf1 Kf6 45. Qa3 (45. Qc3+ {is a better defense.} Kg6 46. c6) 45... c6 46. a5 Qd4+ 47. Kg2 $2 (47. Qe3) 47... h4 {[%emt 0:00:34] ( -> ...h3+)} 48. Ne3 h3+ (48... Qd2+ $142 49. Kf1 Nd4 50. Qa1 Qe2+ 51. Kg1 Qxe3+ 52. Kh1 h3 53. Qf1 Ne2 54. Qa1+ Kg6 55. Qg7+ Kxg7 56. a6 Qg1#) 49. Kf2 Nxc5 {[%emt 0:01:12] What a bad dream for White.  Weighted Error Value: White=0.85/Black=0.59} (49... Qd2+ $142 50. Kg1 Nd4 51. Qc3 Qxc3 52. Kf2 Qd2+ 53. Kf1 Qe2+ 54. Kg1 Nf3+ 55. Kh1 Qxh2#) 0-1

[Event "55th Biel Festival ATO 2022"]
[Site "Biel"]
[Date "2022.07.21"]
[Round "8.10"]
[White "Corbat, Philippe"]
[Black "Abdulrahim, Salem"]
[Result "0-1"]
[ECO "B20"]
[WhiteElo "1902"]
[BlackElo "1662"]
[Annotator "TA"]
[PlyCount "60"]
[EventDate "2022.07.13"]
[EventType "swiss"]
[EventCountry "SUI"]
[SourceTitle "playchess.com"]
[Source "ChessBase"]
[SourceQuality "1"]
[TimeControl "40/5400+30:1800+30"]

1. e4 c5 2. a3 g6 3. h4 h5 4. Nc3 Bg7 5. Bc4 Nc6 6. d3 {[%emt 0:02:52] B20: Sicilian: Unusual White 2nd moves.} Nf6 {[%emt 0:00:52] [#]} 7. Bf4 $146 ({Predecessor:} 7. Bg5 d6 8. Qd2 Rb8 9. Nge2 O-O 10. O-O-O b5 11. Ba2 b4 12. axb4 Nxb4 13. Bb3 {0-1 (22) Riehle,M (2336)-Le,T (2514) Chess.com INT 2021}) 7... d6 8. Qd2 {[%emt 0:03:07] The position is equal.} a6 9. Nf3 O-O 10. Bh6 Ng4 11. Bxg7 Kxg7 12. Ng5 Nge5 13. Ba2 f6 14. Ne6+ {[%emt 0:01:21] [#] This costs White the game.} (14. Nh3 $11 {and White is okay.}) 14... Bxe6 $19 15. Bxe6 Nd4 {[%emt 0:00:10] Pair of Knights!} 16. O-O-O $2 (16. f4 Nef3+ 17. gxf3 Nxf3+ 18. Ke2 Nxd2 19. Kxd2) 16... Nxe6 17. f4 Ng4 18. f5 gxf5 19. exf5 Nd4 20. Nd5 Rh8 21. Rhf1 b5 22. Rde1 Nc6 23. Nf4 {[%emt 0:01:41] [#] aiming for Ne6+.} Qd7 24. Qd1 Nce5 25. c3 c4 26. dxc4 (26. d4 $142 Nd3+ 27. Nxd3 cxd3 28. Re6) 26... bxc4 {[%emt 0:00:16] Black is clearly winning.} 27. Nxh5+ Rxh5 28. Rxe5 Nxe5 29. Qxh5 Qe8 30. Qe2 Rb8 {[%emt 0:19:41] Weighted Error Value: White=0.53/Black=0.30} 0-1

[Event "55th Biel Festival ATO 2022"]
[Site "Biel"]
[Date "2022.07.22"]
[Round "9.1"]
[White "Harisurya Bharadwaj Gundepudi"]
[Black "Al Helaoy Majed"]
[Result "1-0"]
[ECO "B07"]
[WhiteElo "1924"]
[BlackElo "2015"]
[Annotator "TA"]
[PlyCount "103"]
[EventDate "2022.07.13"]
[EventType "swiss"]
[EventCountry "SUI"]
[SourceTitle "playchess.com"]
[Source "ChessBase"]
[SourceQuality "1"]
[TimeControl "40/5400+30:1800+30"]

1. d4 g6 2. Bf4 Nf6 3. Nc3 d6 4. e4 a6 5. Be2 Bg7 6. Qd2 {[%emt 0:00:21] B07: Pirc Defence: Miscellaneous Systems.} b5 7. a3 {[%emt 0:03:46] [#]} (7. Bf3 $14 c6 8. Nge2) 7... Bb7 $146 ({Predecessor:} 7... O-O 8. Bh6 Bb7 9. Bf3 c6 {0-1 (9) Asikanius,K (1778)-Mikkonen,M (1923) ICCF email 2017}) 8. Bf3 {[%emt 0:01:24] The position is equal.} Nfd7 {[%emt 0:05:45] Against e5} (8... Nc6 $11) 9. Bh6 $14 Kf8 (9... Bxh6 $14 10. Qxh6 Nc6) 10. h4 $16 c5 11. h5 {[%emt 0:00:48][%cal Oe4e5] White is more active.} Nc6 {[%emt 0:06:49] Against e5} 12. dxc5 Nxc5 13. Nge2 ({Better is} 13. Be2 $16) 13... Ne5 $14 14. Ng3 Rc8 (14... Nc4 $14 15. Qc1 f6) 15. Be2 (15. Bxg7+ $1 $16 Kxg7 16. Be2) 15... Ne6 (15... Rg8 $1 $14) 16. Bxg7+ $1 $18 Nxg7 17. hxg6 fxg6 18. O-O-O Qa5 19. f4 Nc6 (19... Nf7 $16 {keeps fighting.} 20. Rhf1 Ne8) 20. f5 b4 21. fxg6 $2 ({White must play} 21. axb4 $1 $18 Nxb4 22. Kb1 gxf5 23. Rhf1) 21... Qe5 (21... bxc3 $14 22. Qf4+ Ke8 23. Rxh7 (23. Qf7+ Kd7 $15) 23... Rg8 24. Qf7+ (24. Bc4 cxb2+ 25. Kxb2 Ne5 $11) 24... Kd7 25. Bg4+ Kc7 26. Bxc8 Rxc8) 22. Qd5 $2 Qxd5 $2 (22... e6 23. Qxe5 (23. Qxd6+ Qxd6 24. Rxd6 Ke7 $18) 23... Nxe5) 23. Nxd5 {[%emt 0:00:06] And now Rdf1+ would win.} bxa3 24. bxa3 Ne5 25. Rxh7 $2 (25. Rdf1+ Ke8 26. Rxh7) 25... Nxg6 {[%emt 0:01:11] [#]} 26. Rf1+ $1 Kg8 27. Rxh8+ Kxh8 28. Bg4 (28. Kd2) (28. Rh1+ $16 Kg8 29. Rh6) 28... Rc4 (28... Rc5 $11) 29. Be2 (29. Bf5 $16 Nxf5 30. Nxf5) 29... Bxd5 $2 {[%emt 0:00:33] Black is on the road to losing.} (29... Rc8 $1 $11 {and Black is okay.}) 30. exd5 Rd4 31. Bxa6 {[%emt 0:00:13] Hoping for Ne2.} Kg8 (31... Ne5 $16 {is a better defense.} 32. Bb5 Rxd5) 32. Be2 Ne5 33. Rd1 Ra4 34. Kb2 Kf8 (34... Nc4+ {was called for.} 35. Bxc4 Rxc4) 35. Kb3 Ra5 36. a4 Ne8 37. Rf1+ Nf6 38. Bb5 Neg4 39. Nf5 {[%emt 0:00:39] Prevents Ne3.} Ne5 {[%emt 0:01:04] [#]} (39... Kf7 $142 40. c4 Ra7) 40. Nxd6 $1 Kg8 (40... Ra8 41. Ne4) 41. Nc4 Nxc4 42. Kxc4 {[%emt 0:00:00][%mdl 4096] Endgame KRB-KRN} Ra7 43. Kd4 Nd7 44. Bxd7 Rxd7 {[%emt 0:00:01] KR-KR} 45. a5 {[%emt 0:00:00] White wants to mate with a6.} e6 46. c4 {[%emt 0:00:00][%cal Bc2c4,Bc4d5][%mdl 32] White threatens a6 and mate.} exd5 47. cxd5 {[%emt 0:00:00] White mates.} Rg7 48. Rf2 Rg4+ 49. Kc5 Ra4 50. Kb5 Rd4 51. Rf5 Rg4 52. a6 {[%emt 0:00:00] Weighted Error Value: White=0.42/Black=0.78} 1-0

[Event "55th Biel Festival ATO 2022"]
[Site "Biel"]
[Date "2022.07.22"]
[Round "9.2"]
[White "Stijve Niels"]
[Black "Manmay Chopra"]
[Result "0-1"]
[ECO "B00"]
[WhiteElo "1958"]
[BlackElo "1934"]
[Annotator "TA"]
[PlyCount "98"]
[EventDate "2022.07.13"]
[EventType "swiss"]
[EventCountry "SUI"]
[SourceTitle "playchess.com"]
[Source "ChessBase"]
[SourceQuality "1"]
[TimeControl "40/5400+30:1800+30"]

1. e4 Nc6 2. d4 d5 3. Nc3 dxe4 4. d5 Ne5 5. Bf4 Ng6 $1 6. Bg3 {[%emt 0:00:15] B00: Queen's Fianchetto Defence, Nimzowitsch Defence.} a6 {[%emt 0:08:23] Against Nb5} 7. h4 {[%emt 0:01:38] h5 is the strong threat.} h5 8. Nh3 {[%emt 0:20:11] [#]} (8. Qe2 $14) 8... Bxh3 $146 ({Predecessor:} 8... Bg4 9. Be2 Nf6 10. Ng5 Bxe2 11. Qxe2 Qd6 12. Bxd6 exd6 13. Ngxe4 O-O-O 14. Nxf6 gxf6 {1-0 (22) Hamilton,T-Gomez Cabato,J Dos Hermanas 2003}) 9. Rxh3 f5 10. Bc4 f4 (10... Nf6) (10... Nf6 $11) 11. Bh2 $16 Nf6 {[%emt 0:00:27] [#]} 12. Nxe4 $1 {[%emt 0:12:10][%mdl 512] And now Ng5 would win.} Nxe4 13. Qd3 Qd6 14. Qxe4 O-O-O 15. O-O-O (15. Kf1 $16) 15... e5 $14 16. Rb3 Nxh4 17. g3 Ng6 18. Re1 (18. Bd3 $14 {deserves consideration.} Rh6 19. c4) 18... fxg3 19. Rxg3 ({Better is} 19. fxg3 $14 h4 20. Qe3 (20. Bd3 hxg3 21. Bxg3 Nf4 $11)) 19... Rh6 $1 $15 20. Reg1 Nf4 21. Rf3 Rf6 (21... Qf6 $15) 22. Rg5 $1 $11 b5 {[%emt 0:01:02] [#]} ({Black should play} 22... Qd7 $11) 23. Bb3 ({Don't blunder} 23. Qxe5 $2 Qxe5 24. Rxe5 Bd6 $19) (23. Rxe5 $1 $14 bxc4 24. Rxf4 (24. Bxf4 g6 $11)) 23... g6 (23... Qb4 $11 {keeps the balance.} 24. Qxb4 (24. Qxe5 Re6 $15) 24... Bxb4 25. Bxf4 Rxf4 26. Rxf4 exf4) 24. Rxe5 $16 Bh6 25. Bxf4 $2 (25. Kb1 $1 $18) 25... Rxf4 $11 26. Rxf4 {[%emt 0:01:10][%cal Oc1b1] aiming for Kb1!} Rf8 {[%emt 0:00:28][%mdl 64] Pin} 27. Kb1 Rxf4 28. Qe2 {[%emt 0:01:08] [#]} (28. Qe1 $11 Rxf2 29. Rxh5 gxh5 30. Qxf2) 28... Qf6 (28... Rxf2 $1 $17 29. Re8+ Kd7 30. Qxf2 Kxe8) 29. Re8+ $14 Kb7 30. d6 $1 Qxd6 {[%emt 0:00:32][%cal Of4f2] [#] Threatens to win with ...Rxf2!} 31. Re6 (31. a4 $1 $16 ) 31... Qd4 $40 {[%emt 0:02:30][%mdl 128] White needs to defend precisely.} 32. c3 (32. a4 $1 $11 Rxf2 33. Qe1 bxa4 34. Bxa4) 32... Qxf2 $17 33. Bd5+ Ka7 {[%emt 0:00:01] White must now prevent ...Qg1+.} 34. Qxf2+ Rxf2 35. Rxg6 {[%emt 0:00:01][%mdl 4096] Endgame KRB-KRB} Bf4 36. Rg7 h4 {[%emt 0:00:31] Strongly threatening ...h3.} 37. Rh7 Bg3 38. Rh6 Rh2 39. Be6 Rd2 {[%emt 0:00:32] Hoping for ...Rd6.} 40. Bc8 a5 41. Ra6+ Kb8 42. Bg4 Kb7 43. Rxa5 {[%emt 0:00:58] [#]} c6 {[%emt 0:01:17] Black is more active.} 44. a4 $2 (44. Ra3 $17) 44... Bc7 $19 45. Kc1 Rf2 46. Bc8+ Kxc8 {[%emt 0:00:08] Black mates.} 47. Ra6 h3 48. Rxc6 h2 49. axb5 h1=R# {[%emt 0:00:08] What a fight!  Weighted Error Value: White=0.56/Black=0.28 (precise)} 0-1

[Event "55th Biel Festival ATO 2022"]
[Site "Biel"]
[Date "2022.07.22"]
[Round "9.3"]
[White "Hari Charan Sai Kalluri"]
[Black "Smeets Kobe"]
[Result "0-1"]
[ECO "D31"]
[WhiteElo "2041"]
[BlackElo "1963"]
[Annotator "TA"]
[PlyCount "62"]
[EventDate "2022.07.13"]
[EventType "swiss"]
[EventCountry "SUI"]
[SourceTitle "playchess.com"]
[Source "ChessBase"]
[SourceQuality "1"]
[TimeControl "40/5400+30:1800+30"]

1. d4 d5 2. c4 e6 3. Nc3 c6 4. e4 dxe4 5. Nxe4 Bb4+ 6. Bd2 Qxd4 7. Bxb4 Qxe4+ 8. Be2 Na6 9. Bc3 f6 10. Nf3 {[%emt 0:10:35] 10.Qd6 is not played anymore.} Ne7 11. O-O O-O 12. b4 {[%emt 0:05:04] D31: Queen's Gambit Declined: Semi-Slav without ...Nf6 (+ Marshall Gambit and Noteboom) and Exchange Variation lines without ...Nf6.} e5 13. b5 {[%emt 0:22:48] [#]} cxb5 $146 ({Predecessor:} 13... Nc5 14. Nd2 Qg6 15. Bb4 b6 16. Bh5 Qf5 17. Bf3 Be6 18. Qe2 Rad8 19. Nb3 cxb5 20. cxb5 {½-½ (36) Vosselman,J (2347)-Petraitis,G (2500) ICCF email 2002}) 14. cxb5 {[%emt 0:00:13] The position is equal.} Nc7 15. Bd3 Qg4 16. h3 Qh5 17. Bb4 Re8 18. Rc1 $1 Ne6 {[%emt 0:04:30] ...Nf4 is the strong threat.} (18... Ned5 $5 19. Bd6 Ne6 $15) 19. Bc4 $36 {[%emt 0:04:15][%mdl 2048] White is more active.} Kh8 20. Re1 Nf4 $2 {[%emt 0:01:50] [#]} (20... Qg6 $11 {and Black has nothing to worry.} 21. Bd3 Qf7) 21. Nxe5 $1 $18 fxe5 22. Qxh5 Nxh5 23. Rxe5 Nf4 24. Rxe7 Rxe7 25. Bxe7 {[%emt 0:00:01] Threatens to win with Bg5. This bishop pair is nice.} Be6 {[%emt 0:00:45] Strongly threatening ...Rc8.} 26. Bxe6 (26. Bf1 $16) 26... Ne2+ $17 27. Kh2 (27. Kf1 $142 Nxc1 28. Bg5) 27... Nxc1 28. Bd5 Re8 29. Bh4 (29. Ba3 $17 Re5 30. Bc4) 29... Re5 $19 {[%emt 0:00:41] Black has a decisive advantage.} 30. Bxb7 Rxb5 31. Ba6 Ra5 {[%emt 0:00:05] Weighted Error Value: White=0.35/Black=0.23 (precise)} 0-1